 Dungeon Crawl Stone Soup version 0.18-a0-1396-g8753ca6 (webtiles) character file.

123 Kidiri the Conjurer (level 4, -2/24 HPs)
             Began as a Deep Elf Conjurer on Feb 23, 2016.
             Slain by Sigmund
             ... wielding a +1 scythe of protection
              (8 damage)
             ... on level 2 of the Dungeon.
             The game lasted 00:12:23 (1906 turns).

Kidiri the Conjurer (Deep Elf Conjurer)             Turns: 1906, Time: 00:12:23

Health: -2/24      AC:  7    Str:  5    XL:     4   Next: 79%
Magic:  8/11       EV: 12    Int: 21    God:
Gold:   131        SH:  0    Dex: 15    Spells: 4 memorised, 0 levels left

rFire  . . .     SeeInvis .     h - +3 short sword (flame)
rCold  . . .     Gourm    .     l - +0 leather armour
rNeg   . . .     Faith    .     (no shield)
rPois  .         Spirit   .     t - +2 helmet
rElec  .         Dismiss  .     (no cloak)
rCorr  .         Reflect  .     m - +0 pair of gloves
SustAt .         Harm     .     (no boots)
MR     .....                    (no amulet)
Stlth  ++........               (no ring)
                                (no ring)

@: very slightly contaminated, not resistant to hostile enchantments, unstealthy
A: no striking features
a: no special abilities


You were on level 2 of the Dungeon.
You were hungry.

You visited 1 branch of the dungeon, and saw 2 of its levels.

You collected 131 gold pieces.

Inventory:

Hand Weapons
 e - a +0 dagger
 h - a +3 short sword of flaming (weapon)
Armour
 l - a +0 leather armour (worn)
 m - a +0 pair of gloves (worn)
 t - a +2 helmet (worn)
Scrolls
 d - a scroll of identify
 g - a scroll of fear {unknown}
 k - a scroll of blinking {unknown}
 s - a scroll of amnesia {unknown}
Potions
 a - a potion of magic
 f - a potion of lignification {unknown}
 i - 2 potions of curing {unknown}
 j - a potion of might {unknown}
 o - a potion of haste {unknown}
 q - a potion of cancellation {unknown}
 r - a potion of ambrosia {unknown}
 u - a potion of resistance {unknown}
Books
 b - a book of Conjurations

   Spells                             Type                      Level
   a - Magic Dart                     Conjuration                  1
   b - Searing Ray                    Conjuration                  2
   c - Dazzling Spray                 Conjuration/Hexes            3
   d - Fulminant Prism                Conjuration/Hexes            4
   e - Iskenderun's Mystic Blast      Conjuration                  4
   f - Iskenderun's Battlesphere      Conjuration/Charms           5
Comestibles
 c - 3 bread rations
 n - a beef jerky
 p - a meat ration
 v - 5 chunks of flesh


   Skills:
 + Level 0.8 Fighting
 + Level 1.0 Short Blades
 + Level 1.1 Armour
 * Level 3.2 Dodging
 + Level 3.1 Stealth
 * Level 3.9 Spellcasting
 * Level 4.9 Conjurations
 + Level 1.1 Hexes


You couldn't memorise any spells.
You knew the following spells:

 Your Spells              Type           Power        Failure   Level  Hunger
a - Magic Dart            Conj           ###.         2%          1    None
b - Searing Ray           Conj           ###...       4%          2    #......
c - Dazzling Spray        Conj/Hex       ###.....     17%         3    ###....
d - Iskenderun's Mystic   Conj           ###.....     30%         4    ####...


Dungeon Overview and Level Annotations

Branches:
Dungeon (2/15)

Altars:

Annotations:
D:2 Sigmund


Message History

Sigmund closely misses you.
You hit Sigmund but do no damage.
Sigmund is severely wounded.
Sigmund casts a spell.
Sigmund flickers and vanishes!
Deactivating autopickup; reactivate with Ctrl-A.
You hit something but do no damage. Something hits you!
You barely miss something. Something hits you!
* * * LOW HITPOINT WARNING * * *
Drink which item? (? for menu, Esc to quit)
It was a potion of magic.
Magic courses through your body.
Some of the chunks of flesh in your inventory have rotted away.
Casting: Magic Dart
Confirm with . or Enter, or press ? or * to list all spells.
Aiming: Dazzling Spray
Press: ? - help, Shift-Dir - straight line The spray of energy hits something.
You are feeling hungry.
Something hits you!
You die...

##.## #...# ###
#..########.#.###
#................
#.....###.#.#.## .
#.#..@# ##..#.##.## b..
##.##.## #........%
#?.####.##.##
##.#..##.##
.###....###..###.##..##
.........@{..†..## .#
############.#.## .# #
#.# # # #.# # #.# . #.#
.. #@#.# ## #.#.# #.#.#


There were no monsters in sight!

Vanquished Creatures
  Jessica (D:2)
  Ijyb (D:2)
  Robin (D:2)
  2 dart slugs (D:1)
  A giant gecko (D:1)
  A giant cockroach (D:2)
  14 goblins
  6 hobgoblins
  6 jackals (D:1)
  7 bats
  2 giant newts
  5 kobolds
  5 rats
52 creatures vanquished.

Notes
Turn   | Place    | Note
--------------------------------------------------------------
     0 | D:1      | Kidiri the Deep Elf Conjurer began the quest for the Orb.
     0 | D:1      | Reached XP level 1. HP: 10/10 MP: 6/6
   232 | D:1      | Reached XP level 2. HP: 15/15 MP: 6/8
   280 | D:1      | Learned a level 2 spell: Searing Ray
   898 | D:1      | Reached skill level 1 in Armour
   898 | D:1      | Reached XP level 3. HP: 19/19 MP: 5/9
   903 | D:1      | Learned a level 3 spell: Dazzling Spray
  1126 | D:2      | Noticed Jessica
  1131 | D:2      | Killed Jessica
  1216 | D:2      | Noticed Robin
  1266 | D:1      | Reached XP level 4. HP: 24/24 MP: 2/11
  1378 | D:2      | Killed Robin
  1624 | D:2      | Learned a level 4 spell: Iskenderun's Mystic Blast
  1664 | D:2      | Noticed Ijyb
  1670 | D:2      | Killed Ijyb
  1670 | D:2      | Reached skill level 1 in Short Blades
  1670 | D:2      | Reached skill level 1 in Hexes
  1774 | D:2      | Noticed Sigmund
  1906 | D:2      | Slain by Sigmund

Vault maps used:
D:1:      mrwooster_arrival_statue_3
D:2:      johnstein_pakellas_shop, uniq_robin, uniq_iyjb, uniq_jessica,
          uniq_sigmund

Skill      XL: |  1  2  3  4 |
---------------+-------------+-----
Armour         | 1 |  1.1
Dodging        | 3 |  3.2
Stealth        | 3 |  3.1
Short Blades   | 1 |  1.0
Hexes          | 1 |  1.1
Fighting       | |  0.8
Spellcasting   | |  3.9
Conjurations   | |  4.9

Action                   |  1- 3 |  4- 6 || total
-------------------------+-------+-------++-------
Melee: Dagger            |     3 |     2 ||     5
       Short sword       |       |    18 ||    18
 Cast: Magic Dart        |    57 |    30 ||    87
       Dazzling Spray    |     1 |     6 ||     7
       Searing Ray       |     1 |       ||     1
  Use: Scroll            |     2 |       ||     2
       Potion            |     1 |     1 ||     2
 Stab: Sleeping          |     1 |     3 ||     4
       Invisible         |       |     1 ||     1
  Eat: Chunk             |     1 |     2 ||     3
